 Dungeon Crawl Stone Soup version 0.21.0 (webtiles) character file.

15691 Leibowitz the Unseen (level 12, -10/76 HPs)
             Began as a Kobold Gladiator on Jan 7, 2018.
             Was a High Priest of Wu Jian.
             Mangled by a two-headed ogre
             ... wielding a +0 giant club
              (24 damage)
             ... on level 11 of the Dungeon.
             The game lasted 00:44:22 (11804 turns).

Leibowitz the Unseen (Kobold Gladiator)            Turns: 11804, Time: 00:44:26

Health: -10/76     AC: 12    Str: 11    XL:     12   Next: 60%
Magic:  12/12      EV: 22    Int: 15    God:    Wu Jian [*****.]
Gold:   737        SH:  0    Dex: 26    Spells: 11/11 levels left

rFire    . . .     SeeInvis .   a - +3 dagger (venom)
rCold    + + .     Gourm    .   (shield restricted)
rNeg     . . .     Faith    +   R - +1 ring mail "Pixtuol" {rPois Int+5} (curse)
rPois    +         Spirit   .   I - +2 helmet
rElec    .         Reflect  .   Q - scarf {rC+ rF+}
rCorr    .         Harm     .   (no gloves)
MR       .....                  s - +1 pair of boots
Stlth    ++++++....             t - amulet of faith
HPRegen  0.22/turn              g - +5 ring of dexterity
MPRegen  0.13/turn              C - ring of ice

@: no status effects
A: small, carnivore
a: Wall Jump, Serpent's Lash, Heavenly Storm, Renounce Religion


You were on level 11 of the Dungeon.
You worshipped Wu Jian.
Wu Jian was extremely pleased with you.
You were very full.

You visited 4 branches of the dungeon, and saw 14 of its levels.
You also visited: Bailey and Ice Cave.

You collected 737 gold pieces.

Inventory:

Hand Weapons
 a - a +3 dagger of venom (weapon)
 b - a +0 blowgun
 u - a +0 rapier
Missiles
 c - 4 needles of confusion
 d - 3 throwing nets (quivered)
 B - 13 curare-tipped needles
 E - 7 poisoned needles
Armour
 s - a +1 pair of boots (worn)
 y - the +2 leather armour "Igoggora" {Regen+}
   (You found it on level 5 of the Dungeon)

   It increases your rate of regeneration.
 I - a +2 helmet (worn)
 Q - a scarf of resistance (worn)
 R - the cursed +1 ring mail "Pixtuol" (worn) {rPois Int+5}
   (You found it in a bailey)

   It affects your intelligence (+5).
   It protects you from poison.
   It has a curse placed upon it.
Jewellery
 g - a +5 ring of dexterity (left hand)
 l - an uncursed ring of protection from magic
 t - an amulet of faith (around neck)
 z - an uncursed ring of protection from magic
 A - a +4 ring of dexterity
 C - a ring of ice (right hand)
 K - a +4 ring of intelligence
 L - an uncursed amulet of rage {unknown}
Wands
 j - a wand of iceblast (26)
 q - a wand of enslavement (16)
Scrolls
 h - 3 scrolls of remove curse
 i - 2 scrolls of identify
 k - 3 scrolls of magic mapping
 n - 3 scrolls of fog
 H - a scroll of blinking
 J - 4 scrolls of teleportation
 M - a scroll of enchant weapon
 N - a scroll of amnesia
 O - a scroll of enchant armour
 P - a scroll of torment {unknown}
Potions
 e - 4 potions of might {unknown}
 m - 5 potions of curing
 o - 3 potions of mutation {unknown}
 p - a potion of haste
 r - 3 potions of brilliance
 v - 5 potions of berserk rage
 w - 4 potions of lignification {unknown}
 x - a potion of agility
 D - a potion of magic {unknown}
 F - a potion of heal wounds
Books
 S - the Almanac of the Escort
   (You found it in a bailey)

   Spells                             Type                      Level
   a - Summon Small Mammal            Summoning                    1
   b - Summon Guardian Golem          Hexes/Summoning              3
   c - Call Canine Familiar           Summoning                    3
   d - Summon Lightning Spire         Summoning/Air                4
   e - Summon Demon                   Summoning                    5
Miscellaneous
 G - a crystal ball of energy
Comestibles
 f - 27 rations


   Skills:
 * Level 9.4 Fighting
 * Level 12.7 Short Blades
 - Level 2.1 Throwing
 + Level 4.2 Armour
 * Level 10.0 Dodging
 + Level 15.8 Stealth


You had 11 spell levels left.
You didn't know any spells.

Dungeon Overview and Level Annotations

Branches:
Dungeon (11/15)            Temple (1/1) D:6            Lair (1/6) D:8
    Orc (1/2) D:9

Altars:
Ashenzari
Cheibriados
Dithmenos
Elyvilon
Fedhas
Gozag
Hepliaklqana
Kikubaaqudgha
Makhleb
Nemelex Xobeh
Okawaru
Qazlal
Ru
Sif Muna
Trog
Uskayaw
Vehumet
Wu Jian
Xom
Yredelemnul
Zin
The Shining One

Annotations:
D:4 HungrySpirit's ghost, amateur DEAr
D:8 Setanta's ghost, novice GnSk
D:9 HungrySpirit's ghost, novice DEAr


Innate Abilities, Weirdness & Mutations

You are small and have problems with some larger weapons.
You are carnivorous and can eat meat at any time.


Message History

The two-headed ogre is moderately wounded.
You hit the two-headed ogre.
The two-headed ogre looks as sick as possible!
The two-headed ogre is heavily wounded.
The two-headed ogre completely misses you.
The two-headed ogre hits you with a giant spiked club!
Your supernatural speed expires.
The orc priest invokes the aid of Beogh against you.
Beogh smites you!
The orc priest calls down the wrath of Beogh upon you.
Beogh smites you!
* * * LOW HITPOINT WARNING * * *
You feel less exhausted.
You hit the two-headed ogre but do no damage.
The two-headed ogre looks even sicker.
The two-headed ogre is almost dead.
The two-headed ogre hits you with a giant club!
* * * LOW HITPOINT WARNING * * *
The two-headed ogre hits you with a giant spiked club!!
You die...

........#.....##..........#.....#
........####..#######.###.#.....#
........# #...######.# #.#...))#
........# ##..........# #.####)##
........# #..#.######## ##.# #.).
.......####..#..##########.####..
#................O....o..........
..###...###.###O###########(.....
#.. ###.##..# #.@..# #...))))##..
###. #.#...# ####.# #)#####)##..
###..##...#.# #.###)# #.##..
........#...# ####.....# #)##..
#######.#..## #..(..)#######.####
.# ###.#..####.####....).)#.# .#
#....[......# #######.#.#
.####.###.####### #.#.#
......#.....# #...#


You could see a two-headed ogre.

Vanquished Creatures
  A hydra (D:9)
  A death knight (D:11)
  A two-headed ogre (D:11)
  2 unseen horrors (D:10)
  A deep troll (D:9)
  Pikel (D:5)
  A deep elf mage (D:10)
  A cyclops (D:9)
  A spiny frog (Lair:1)
  A black mamba (Lair:1)
  Joseph (D:7)
  A kobold demonologist (D:9)
  2 freezing wraiths (D:11)
  2 polar bears (Lair:1)
  A troll (D:9)
  A wyvern (D:9)
  12 yaks
  2 wraiths
  A porcupine (Lair:1)
  A swamp drake (D:9)
  A water moccasin (D:8)
  15 orc warriors
  2 sky beasts (D:5)
  10 ice beasts
  A necrophage (D:8)
  7 ogres
  4 centaurs
  2 big kobolds
  3 bullfrogs
  A wyvern skeleton (D:7)
  2 scorpions
  4 wights
  3 howler monkeys
  A crimson imp (D:5)
  A bullfrog zombie (D:10)
  3 centaur zombies
  2 hounds
  2 jellies (D:11)
  2 centaur skeletons
  Crazy Yiuf (D:5)
  3 human zombies (D:8)
  5 orc priests
  11 orc wizards
  2 bullfrog skeletons
  2 human skeletons (D:8)
  Ijyb (D:5)
  3 iguanas
  6 worker ants
  A wolf simulacrum (IceCv)
  2 ogre zombies (D:8)
  A hound zombie (D:7)
  A hound skeleton (D:5)
  A mummy (D:8)
  2 worker ant zombies
  14 gnolls
  5 adders
  A shadow imp (D:6)
  An ooze (D:6)
  An adder skeleton (D:7)
  An adder zombie (D:8)
  2 worms
  2 dart slugs
  4 leopard geckos
  66 orcs
  2 ball pythons
  2 giant cockroaches (D:3)
  7 goblins
  7 hobgoblins
  8 jackals
  5 quokkas
  7 bats
  A frilled lizard (D:3)
  A jackal skeleton (D:9)
  25 kobolds
  An orc zombie (D:8)
  A quokka zombie (D:6)
  7 rats
314 creatures vanquished.

Vanquished Creatures (others)
  Sigmund (D:5)
1 creature vanquished.

Grand Total: 315 creatures vanquished

Notes
Turn   | Place    | Note
-------+----------+-------------------------------------------
     0 | D:1      | Leibowitz the Kobold Gladiator began the quest for the Orb.
     0 | D:1      | Reached XP level 1. HP: 12/12 MP: 1/1
    61 | D:1      | Reached XP level 2. HP: 16/17 MP: 2/2
   550 | D:1      | Reached skill level 1 in Stealth
   734 | D:2      | Found an opulent altar of Gozag.
   747 | D:2      | Found a sparkling altar of Nemelex Xobeh.
   889 | D:1      | Reached XP level 3. HP: 20/22 MP: 3/3
  1106 | D:2      | Reached XP level 4. HP: 23/27 MP: 4/4
  1189 | D:2      | Reached skill level 2 in Stealth
  1285 | D:2      | Reached skill level 5 in Short Blades
  1305 | D:2      | Reached skill level 1 in Armour
  1327 | D:2      | Reached XP level 5. HP: 12/31 MP: 5/5
  2427 | D:3      | Noticed a big kobold
  2526 | D:3      | Reached skill level 3 in Stealth
  2851 | D:3      | Killed a big kobold
  2851 | D:3      | Reached skill level 4 in Stealth
  2851 | D:3      | Reached XP level 6. HP: 23/36 MP: 6/6
  3371 | D:4      | Noticed HungrySpirit's ghost (amateur DEAr)
  3821 | D:4      | Reached skill level 5 in Stealth
  3973 | D:5      | Entered Level 5 of the Dungeon
  3984 | D:5      | Reached XP level 7. HP: 40/41 MP: 7/7
  4006 | D:5      | Noticed Ijyb
  4058 | D:5      | Killed Ijyb
  4206 | D:5      | Got an encrusted leather armour
  4219 | D:5      | Identified the +2 leather armour "Igoggora" {Regen+} (You found it on level 5 of the Dungeon)
  4444 | D:5      | Noticed Pikel
  4458 | D:5      | Found a burning altar of Makhleb.
  4486 | D:5      | Killed Pikel
  4486 | D:5      | Reached skill level 6 in Stealth
  4486 | D:5      | Reached XP level 8. HP: 31/48 MP: 8/8
  4727 | D:5      | Reached skill level 5 in Dodging
  4765 | D:5      | Reached skill level 7 in Stealth
  4897 | D:5      | Found a runed door.
  4901 | D:5      | Noticed Crazy Yiuf
  4910 | D:5      | Killed Crazy Yiuf
  5258 | D:5      | Killed Sigmund
  5463 | D:6      | Found a hide-covered altar of Uskayaw.
  5467 | D:6      | Noticed a dagger
  5467 | D:6      | Noticed a hand axe
  5675 | D:6      | Reached skill level 8 in Stealth
  5675 | D:6      | Reached XP level 9. HP: 42/53 MP: 9/9
  5766 | D:6      | Reached skill level 5 in Fighting
  5871 | D:6      | Found a staircase to the Ecumenical Temple.
  5880 | Temple   | Entered the Ecumenical Temple
  6238 | D:7      | Found a sacrificial altar of Ru.
  6239 | D:7      | Noticed Joseph
  6271 | D:7      | Killed Joseph
  6271 | D:7      | Reached skill level 9 in Stealth
  6753 | D:7      | Reached skill level 10 in Stealth
  7006 | D:8      | Found a staircase to the Lair.
  7010 | D:8      | Reached skill level 10 in Short Blades
  7019 | D:8      | Found an ancient bone altar of Kikubaaqudgha.
  7020 | D:8      | Found a bloodstained altar of Trog.
  7020 | D:8      | Found an ornate altar of the Wu Jian Council.
  7049 | Lair:1   | Entered Level 1 of the Lair of Beasts
  7055 | D:8      | Found a snail-covered altar of Cheibriados.
  7062 | D:8      | Became a worshipper of the Wu Jian Council
  7079 | D:8      | Noticed Setanta's ghost (novice GnSk)
  7180 | D:8      | Found a glowing silver altar of Zin.
  7255 | D:8      | Reached XP level 10. HP: 41/60 MP: 10/10
  7367 | D:8      | Reached skill level 11 in Stealth
  7826 | D:8      | Found a basalt altar of Yredelemnul.
  8017 | D:8      | Reached * piety under Wu Jian
  8054 | D:8      | Reached skill level 12 in Stealth
  8271 | Lair:1   | Noticed a spiny frog
  8309 | Lair:1   | Killed a spiny frog
  8323 | Lair:1   | Noticed a black mamba
  8341 | Lair:1   | Killed a black mamba
  8535 | D:9      | Found a glowing golden altar of the Shining One.
  8641 | D:9      | Noticed a deep troll
  8648 | D:9      | Noticed a four-headed hydra
  8651 | D:9      | Killed a four-headed hydra
  8651 | D:9      | Reached skill level 13 in Stealth
  8651 | D:9      | Reached XP level 11. HP: 67/67 MP: 11/11
  8655 | D:9      | Killed a deep troll
  8671 | D:9      | Reached ** piety under Wu Jian
  8679 | D:9      | Noticed a cyclops
  8681 | D:9      | Killed a cyclops
  8681 | D:9      | Reached skill level 14 in Stealth
  9035 | D:9      | Noticed HungrySpirit's ghost (novice DEAr)
  9203 | D:9      | Found an iron altar of Okawaru.
  9376 | D:9      | Found a staircase to the Orcish Mines.
  9418 | D:9      | Reached *** piety under Wu Jian
  9493 | Orc:1    | Entered Level 1 of the Orcish Mines
  9493 | Orc:1    | Noticed an orc knight
  9493 | Orc:1    | Noticed an orc sorcerer
  9496 | Orc:1    | Noticed an orc sorcerer
  9496 | Orc:1    | Noticed a cyclops
  9550 | D:10     | Entered Level 10 of the Dungeon
  9766 | D:10     | Noticed a deep elf mage
  9782 | D:10     | Killed a deep elf mage
  9994 | D:10     | Killed an unseen horror
 10218 | D:10     | Killed an unseen horror
 10218 | D:10     | Reached skill level 15 in Stealth
 10218 | D:10     | Reached XP level 12. HP: 52/75 MP: 12/12
 10502 | D:11     | Noticed a death knight
 10577 | D:11     | Found a frozen archway.
 10578 | D:11     | Killed a death knight
 10660 | D:11     | Reached **** piety under Wu Jian
 10802 | D:11     | Found a flagged portal.
 10814 | Bailey   | Entered a bailey
 11043 | Bailey   | Found a bloodstained altar of Trog.
 11051 | Bailey   | Got a warped ring mail
 11055 | Bailey   | Identified the Almanac of the Escort
 11081 | D:11     | Identified the cursed +1 ring mail "Pixtuol" {rPois Int+5} (You found it in a bailey)
 11112 | IceCv    | Entered an ice cave
 11274 | D:11     | Noticed a two-headed ogre
 11278 | D:11     | Killed a two-headed ogre
 11455 | D:11     | Reached ***** piety under Wu Jian
 11699 | D:11     | Reached skill level 10 in Dodging
 11768 | D:11     | Noticed a two-headed ogre
 11804 | D:11     | Mangled by a two-headed ogre

Skill      XL: |  1  2  3  4  5  6  7  8  9 10 11 12 |
---------------+-------------------------------------+-----
Stealth        | 1 2 4 5 6 8 10 13 15 | 15.8
Dodging        | 4 5 6 7 8 10 | 10.0
Short Blades   | 5 6 8 10 11 12 | 12.7
Armour         | 1 2 3 4 |  4.2
Fighting       | 3 4 5 7 8 9 |  9.4
Throwing       | |  2.1

Action                   |  1- 3 |  4- 6 |  7- 9 | 10-12 || total
-------------------------+-------+-------+-------+-------++-------
Melee: Rapier            |    45 |   155 |       |       ||   200
       Dagger            |       |    73 |   303 |   871 ||  1247
Throw: Throwing net      |     2 |     2 |     2 |     6 ||    12
Invok: Lunge             |       |       |       |    58 ||    58
       Whirlwind         |       |       |       |    22 ||    22
       Wall Jump         |       |       |       |     1 ||     1
       Serpent's Lash    |       |       |       |     1 ||     1
  Use: Potion            |       |     3 |     1 |     1 ||     5
       Scroll            |       |    10 |     4 |     1 ||    15
 Stab: Sleeping          |     1 |    10 |    24 |    43 ||    78
       Held in net/web   |     1 |       |     3 |     4 ||     8
       Distracted        |       |       |     1 |     3 ||     4
       Confused          |       |       |       |     3 ||     3
  Eat: Chunk             |     7 |    11 |    10 |    15 ||    43
Armor: Leather armour    |     3 |    24 |    33 |    58 ||   118
       Ring mail         |       |       |       |    10 ||    10
Dodge: Dodged            |    37 |   123 |   138 |   457 ||   755
